 Dungeon Crawl Stone Soup version 0.27-a0-789-g6bb3289e1e (webtiles) character file.

Game seed: 5616791154717405384

1755 Lanoc the Cleaver (level 9, -5/79 HPs)
             Began as a Hill Orc Monk on Mar 26, 2021.
             Was a Priest of Makhleb.
             Slain by Edmund
             ... wielding a +5 dire flail of holy wrath
              (24 damage)
             ... on level 6 of the Dungeon.
             The game lasted 00:12:23 (8778 turns).

Lanoc the Cleaver (Hill Orc Monk)                   Turns: 8778, Time: 00:12:23

Health: -5/79      AC:  5    Str: 15    XL:     9   Next: 6%
Magic:  18/18      EV: 13    Int: 10    God:    Makhleb [***...]
Gold:   210        SH:  0    Dex: 15    Spells: 8/8 levels left

rFire    . . .     SeeInvis .   a - +1 hand axe
rCold    + . .     Faith    .   (no shield)
rNeg     + + .     Spirit   .   p - +1 leather armour "Cuagur" {rC+ rN++}
rPois    .         Reflect  .   o - +0 helmet
rElec    .         Harm     .   (no cloak)
rCorr    .         Rampage  .   (no gloves)
Will     .....                  (no boots)
Stlth    ++........             (no amulet)
HPRegen  0.23/turn              i - ring of magical power
MPRegen  0.16/turn              r - ring of wizardry

@: studying Throwing
A: no striking features
a: Renounce Religion, Minor Destruction, Lesser Servant of Makhleb


You were on level 6 of the Dungeon.
You worshipped Makhleb.
Makhleb was most pleased with you.
You visited 2 branches of the dungeon, and saw 7 of its levels.
You also visited: Sewer.

You collected 210 gold pieces.

Inventory:

Hand Weapons
 a - a +1 hand axe (weapon)
Armour
 g - a +1 leather armour of poison resistance
 k - a +0 tower shield
 o - a +0 helmet (worn)
 p - the +1 leather armour "Cuagur" (worn) {rC+ rN++}
   (You found it on level 4 of the Dungeon)

   It protects you from cold.
   It greatly protects you from negative energy.
Jewellery
 i - a ring of magical power (right hand)
 r - a ring of wizardry (left hand)
Scrolls
 c - 4 scrolls of enchant armour
 j - a scroll of teleportation {unknown}
 s - a scroll of vulnerability {unknown}
Potions
 b - a potion of invisibility {unknown}
 d - 3 potions of curing {unknown}
 e - 3 potions of attraction
 f - 4 potions of flight {unknown}
 h - a potion of mutation {unknown}
 m - a potion of might
 n - 2 potions of lignification
 q - 2 potions of haste


   Skills:
 + Level 7.3 Fighting
 * Level 10.6 Axes
 + Level 3.8 Armour
 + Level 5.0 Dodging
 - Level 1.5 Stealth


You had 8 spell levels left.
You didn't know any spells.
Your spell library was empty.

Dungeon Overview and Level Annotations

Branches:
Dungeon (6/15)             Temple (1/1) D:4           Sewer (visited)

Altars:
Makhleb

Shops:
D:1 *

Annotations:
D:6 Edmund, Sigmund


Message History

You completely miss the phantom.
The phantom is severely damaged.
The phantom hits you but does no damage.
You hit the phantom.
The phantom is almost destroyed.
The phantom hits you.
You hit the phantom.
You destroy the phantom!
Makhleb accepts your kill.
You feel better.
No target in view!
No target in view!
b - a fuming silvery potion You see here a +0 whip.
s - a scroll labelled QINTESIMNATZ Edmund the Younger comes into view.
He is wielding a +5 dire flail of holy wrath.
Found a potion of haste.
Sigmund the Dreaded comes into view.
He is wielding a +0 scythe.
Edmund shouts!
Sigmund shouts!
Edmund hits you with a +5 dire flail of holy wrath!
Sigmund points at himself and mumbles some strange words.
Sigmund flickers and vanishes!
Deactivating autopickup; reactivate with Ctrl-A.
You hit Edmund but do no damage.
Edmund hits you with a +5 dire flail of holy wrath!
You hit Edmund.
Edmund is lightly wounded.
Edmund hits you with a +5 dire flail of holy wrath!
Edmund drinks a potion.
Edmund goes berserk!
Edmund hits you with a +5 dire flail of holy wrath!
Throw: throwing net
Press: ? - help, Q - select action, (/) - cycle Shift-Dir - straight line, f - Edmund
Aim: Edmund, wielding a +5 dire flail of holy wrath and wearing a +0 chain mail (lightly wounded, berserk, 69% to hit)
You throw a throwing net. The throwing net closely misses Edmund.
Something gets caught in the net!
Edmund hits you with a +5 dire flail of holy wrath!
* * * LOW HITPOINT WARNING * * *
Something wriggles in the net.
Edmund hits you with a +5 dire flail of holy wrath!!
You die...

.............#
......!......#
.......(.....#
.............##
......?.......#
..........!...#
............###
#######@##### #.@#
##.# #######.##
.........####
............#
............###
..............###
..........#.....####
........######.....##


You could see Edmund (berserk).

Vanquished Creatures
  Eustachio (D:4)
  Menkaure (D:4)
  A black bear (D:5)
  An ice beast (D:5)
  An orc warrior (D:6)
  A necrophage (D:6)
  2 ogres
  A centaur (D:5)
  2 phantoms
  A kobold brigand (Sewer)
  A bullfrog (D:4)
  A water moccasin zombie (D:5)
  2 water moccasin skeletons
  A howler monkey (D:5)
  A wight (D:5)
  An orc priest (D:6)
  2 hounds (D:5)
  A bullfrog skeleton (D:5)
  A centaur skeleton (D:4)
  An orc wizard (D:3)
  Robin (D:4)
  5 adders
  A river rat (Sewer)
  A white imp (D:5)
  An ufetubus (D:5)
  An adder skeleton (D:2)
  A worm (D:2)
  17 orcs
  5 ball pythons
  5 endoplasms
  7 giant cockroaches
  18 goblins
  10 hobgoblins
  7 jackals
  9 kobolds
  2 quokkas
  7 bats
  4 frilled lizards
  A quokka skeleton (D:4)
  4 rats
131 creatures vanquished.

Vanquished Creatures (others)
  A goblin (D:4)
1 creature vanquished.

Grand Total: 132 creatures vanquished

Notes
Turn   | Place    | Note
-------+----------+-------------------------------------------
     0 | D:1      | Lanoc the Hill Orc Monk began the quest for the Orb.
     0 | D:1      | Reached XP level 1. HP: 19/19 MP: 1/1
   344 | D:1      | Reached XP level 2. HP: 27/27 MP: 2/2
   512 | D:1      | Found Axa Rood's Assorted Antiques.
  1357 | D:2      | Reached XP level 3. HP: 18/33 MP: 3/3
  1564 | D:2      | Reached skill level 5 in Axes
  1825 | D:2      | Found a burning altar of Makhleb.
  1825 | D:2      | Noticed an Executioner
  1831 | D:2      | Reached XP level 4. HP: 40/40 MP: 4/4
  1834 | D:2      | Noticed a hellwing
  1834 | D:2      | Noticed a neqoxec
  1836 | D:2      | Became a worshipper of Makhleb the Destroyer
  1836 | D:2      | Reached * piety under Makhleb
  1836 | D:2      | Reached ** piety under Makhleb
  3365 | D:4      | Noticed an ogre
  3378 | D:3      | Reached skill level 6 in Axes
  3378 | D:3      | Reached XP level 5. HP: 36/47 MP: 5/5
  4033 | D:4      | Noticed Robin
  4041 | D:4      | Noticed a phantom
  4054 | D:4      | Killed Robin
  4211 | D:3      | Killed a phantom
  4212 | D:3      | Reached skill level 5 in Fighting
  4212 | D:3      | Reached XP level 6. HP: 23/56 MP: 6/6
  4432 | D:4      | Reached skill level 7 in Axes
  4453 | D:4      | Reached *** piety under Makhleb
  4484 | D:4      | Identified the +1 leather armour "Cuagur" {rC+ rN++}
  4935 | D:4      | Noticed Eustachio
  4975 | D:4      | Killed Eustachio
  4976 | D:4      | Reached skill level 8 in Axes
  4976 | D:4      | Reached XP level 7. HP: 21/62 MP: 7/7
  5637 | D:4      | Noticed Menkaure
  5638 | D:4      | Found a staircase to the Ecumenical Temple.
  5648 | D:4      | Killed Menkaure
  5649 | D:4      | Reached skill level 1 in Armour
  5653 | Temple   | Entered the Ecumenical Temple
  5932 | D:5      | Entered Level 5 of the Dungeon
  5992 | D:5      | Reached XP level 8. HP: 26/70 MP: 8/8
  5997 | D:5      | Reached skill level 9 in Axes
  6267 | D:5      | Found a glowing drain.
  6287 | Sewer    | Entered a sewer
  6475 | Sewer    | Found a glowing silver altar of Zin.
  7253 | D:5      | Reached skill level 10 in Axes
  8493 | D:6      | Reached skill level 5 in Dodging
  8493 | D:6      | Reached XP level 9. HP: 76/79 MP: 9/9
  8763 | D:6      | Noticed Edmund
  8769 | D:6      | Noticed Sigmund
  8778 | D:6      | Slain by Edmund

Illustrated notes

Levels and vault maps discovered:
D:1:      lightli_arrival_statue_moat, layout_loops_corners, serial_shops,
          shop_statue, minmay_misc_feat_room
D:2:      layout_loops_ring, makhleb_altar_promises_db
D:3:      layout_basic
D:4:      layout_basic, minmay_temple_entry_drinking_statues,
          minmay_manual_mail, uniq_robin, uniq_menkaure, uniq_eustachio
D:5:      layout_basic, portal_sewer_entry_b
D:6:      layout_cave_pods, uniq_sigmund, uniq_edmund, uniq_blork_the_orc
Temple:   kilobyte_greek_temple

Skill      XL: |  1  2  3  4  5  6  7  8 |
---------------+-------------------------+-----
Fighting       | 4 5 6 7 |  7.3
Axes           | 5 6 8 10 | 10.6
Dodging        | 3 4 5 |  5.0
Armour         | 1 3 |  3.8
Stealth        | |  1.5

Action                   |  1- 3 |  4- 6 |  7- 9 || total
-------------------------+-------+-------+-------++-------
Melee: Hand axe          |   116 |   290 |   321 ||   727
Throw: Throwing net      |       |     1 |     3 ||     4
  Use: Potion            |       |     2 |     3 ||     5
       Scroll            |       |       |     9 ||     9
 Stab: Sleeping          |     5 |     2 |     1 ||     8
       Distracted        |       |     1 |       ||     1
Armor: Robe              |    18 |       |       ||    18
       Leather armour    |     2 |   105 |    76 ||   183
Dodge: Dodged            |    83 |   230 |   193 ||   506

Table legend: (Time is in decaauts)
 A = Elapsed time spent in this place.
 B = Non-inter-level travel time spent in this place.
 C = Inter-level travel time spent in this place.
 D = Time resting spent in this place.
 E = Time spent auto-exploring this place.
 F = Levels seen in this place.
 G = Mean time per level.
                   A        B        C        D        E       F      G
               +--------+--------+--------+--------+--------+-----+--------+
         Total |   8768 |   8621 |    147 |    950 |   5929 |   8 | 1096.0 |
       Dungeon |   8513 |   8366 |    147 |    950 |   5715 |   6 | 1418.8 |
        Temple |      1 |      1 |      0 |      0 |      0 |   1 |    1.0 |
         Sewer |    253 |    253 |      0 |      0 |    213 |   1 |  253.0 |
               +--------+--------+--------+--------+--------+-----+--------+

Top non-repeatable levels by time:
     D:5: 1934 daAuts
     D:3: 1669 daAuts
     D:4: 1580 daAuts
     D:1: 1352 daAuts
     D:2: 1331 daAuts
     D:6: 646 daAuts
   Sewer: 253 daAuts
  Temple: 1 daAuts
